 Dungeon Crawl Stone Soup version 0.23.2-30-g0e89c35649 (webtiles) character file.

Game seed: 16254011291879629200

55 Lokunos the Ruffian (level 3, 0/30 (31) HPs)
             Began as a Ghoul Monk on June 7, 2019.
             Killed from afar by an orc wizard (8 damage)
             ... with a magic dart
             ... on level 3 of the Dungeon.
             The game lasted 00:07:50 (1827 turns).

Lokunos the Ruffian (Ghoul Monk)                    Turns: 1827, Time: 00:07:51

HP:   0/30 (31)     AC:  2    Str: 15    XL:     3   Next: 93%
MP:   2/2           EV: 13    Int:  5    God:
Gold: 48            SH:  0    Dex: 11    Spells: 2/2 levels left

rFire    . . .     SeeInvis .   f - +2 dagger (venom)
rCold    + . .     Gourm    .   (no shield)
rNeg     + + +     Faith    .   a - +0 robe
rPois    ∞         Spirit   .   (no helmet)
rElec    .         Reflect  .   k - scarf {repulsion}
rCorr    .         Harm     .   (no gloves)
MR       .....                  (no boots)
Stlth    ++........             (no amulet)
HPRegen  0.00/turn              (no ring)
MPRegen  0.08/turn              (no ring)

@: rotting, repel missiles
A: rotting body, claws 1, carnivore, cold resistance 1, negative energy
resistance 3, inhibited regeneration, torment resistance, unbreathing
a: no special abilities


You were on level 3 of the Dungeon.
You were not hungry.

You visited 1 branch of the dungeon, and saw 3 of its levels.

You collected 48 gold pieces.

Inventory:

Hand Weapons
 f - a +2 dagger of venom (weapon)
 h - a +0 dagger
 m - a cursed -1 dagger
Missiles
 c - 7 poisoned needles
 i - 5 javelins (quivered)
Armour
 a - a +0 robe (worn)
 k - a scarf of repulsion (worn)
Scrolls
 d - 2 scrolls of identify
Potions
 e - a potion of might
 g - a potion of curing
 j - a potion of cancellation
 l - 2 potions of heal wounds
 o - a potion of magic {unknown}
Comestibles
 b - 8 rations
 n - a chunk of flesh


   Skills:
 + Level 3.5 Fighting
 + Level 0.1 Throwing
 + Level 3.2 Dodging
 + Level 2.8 Stealth
 + Level 4.1 Unarmed Combat


You had 2 spell levels left.
You didn't know any spells.
Your spell library was empty.

Dungeon Overview and Level Annotations

Branches:
Dungeon (3/15)

Altars:


Innate Abilities, Weirdness & Mutations

Your body is rotting away.
You thrive on raw meat.
You are immune to poison.
You have sharp fingernails.
You are carnivorous and can eat meat at any time.
Your flesh is cold resistant. (rC+)
You are immune to negative energy. (rN+++)
You do not regenerate when monsters are visible.
You are immune to unholy pain and torment.
You can survive without breathing.


Message History

The orc wizard hits you with a +0 dagger.
The orc wizard casts a spell.
The orc wizard flickers and vanishes!
Deactivating autopickup; reactivate with Ctrl-A.
You hit the orc wizard but do no damage.
The orc wizard is severely wounded.
The orc wizard hits you with a +0 dagger.
The orc wizard hits you with a +0 dagger!
You closely miss the orc wizard.
The orc wizard is severely wounded.
The orc wizard hits you with a +0 dagger.
There are monsters nearby!
The orc wizard hits you with a +0 dagger.
* * * LOW HITPOINT WARNING * * *
The orc wizard gestures wildly while chanting.
The orc wizard blinks!
You feel your flesh rotting away.
A magic dart appears from out of thin air!
The magic dart hits you!
You die...

#o# . #.#
...
#o#####..#
#o.......#
#o#######...
#.# #.# #.#
#@# ###
#.#####.##
#........#
#######<##
#.# #.# #.#
#.# #.#


You could see 2 orc wizards and an orc.

Vanquished Creatures
  An adder (D:2)
  2 worms (D:2)
  A leopard gecko (D:1)
  5 bats
  3 giant cockroaches
  6 goblins
  4 hobgoblins
  7 kobolds
  A quokka (D:2)
  2 frilled lizards (D:1)
  6 rats
38 creatures vanquished.

Notes
Turn   | Place    | Note
-------+----------+-------------------------------------------
     0 | D:1      | Lokunos the Ghoul Monk began the quest for the Orb.
     0 | D:1      | Reached XP level 1. HP: 19/19 MP: 0/0
   256 | D:1      | Reached XP level 2. HP: 25/25 MP: 1/1
   658 | D:1      | Reached XP level 3. HP: 31/31 MP: 2/2
  1145 | D:2      | Reached skill level 4 in Unarmed Combat
  1827 | D:3      | Killed from afar by an orc wizard

Skill      XL: |  1  2  3 |
---------------+----------+-----
Dodging        | 3 |  3.2
Unarmed Combat | 4 |  4.1
Fighting       | |  3.5
Throwing       | |  0.1
Stealth        | |  2.8

Action                   || total
-------------------------++-------
Melee: Unarmed           ||    77
       Dagger            ||    25
Throw: Javelin           ||    13
  Use: Scroll            ||     4
 Stab: Sleeping          ||     7
  Eat: Chunk             ||     9
Armor: Robe              ||     7
Dodge: Dodged            ||    66
